 Dungeon Crawl Stone Soup version 0.24.0-125-gc4c63601f3 (webtiles) character file.

Game seed: 6991304552731391235, levelgen mode: deterministic

22563 LraC the Whirler (level 13, -3/96 HPs)
             Began as a Halfling Hunter on Mar 12, 2020.
             Was an Elder of Trog.
             Slain by a catoblepas (11 damage)
             ... while petrified by you
             ... on level 3 of the Lair of Beasts.
             The game lasted 01:29:35 (9926 turns).

LraC the Whirler (Halfling Hunter)                  Turns: 9926, Time: 01:29:36

Health: -3/96      AC:  8    Str: 14    XL:     13   Next: 28%
Magic:  13/13      EV:  3    Int:  8    God:    Trog [****..]
Gold:   841        SH:  0    Dex: 18    Spells: 12/12 levels left

rFire    + . .     SeeInvis .   g - +2 mace (drain)
rCold    x . .     Gourm    .   (shield restricted)
rNeg     + + +     Faith    .   c - +1 leather armour
rPois    ∞         Spirit   .   h - +0 helmet
rElec    .         Reflect  .   m - +1 cloak
rCorr    +         Harm     .   (no gloves)
MR       .....                  (no boots)
Stlth    +++.......             (no amulet)
HPRegen  0.26/turn              C - ring of resist corrosion
MPRegen  0.13/turn              I - ring of fire

@: petrified
A: small, dopey 1, mutation resistance 1
a: Berserk, Trog's Hand, Brothers in Arms, Renounce Religion


You were on level 3 of the Lair of Beasts.
You worshipped Trog.
Trog was greatly pleased with you.
You were not hungry.

You visited 3 branches of the dungeon, and saw 13 of its levels.
You also visited: Ossuary and Volcano.

You collected 841 gold pieces.

Inventory:

Hand Weapons
 a - a +2 hunting sling
 g - a +2 mace of draining (weapon)
 k - the +8 hunting sling of the Real Monster {speed, rF++}
   (You found it on level 5 of the Dungeon)

   Attacks with this weapon are significantly faster.
   It greatly protects you from fire.
 r - a +3 quarterstaff of chaos
 t - a +1 dagger of venom
 B - a +1 whip of flaming
 D - a +0 scimitar of flaming
 F - a +1 dagger of draining
 P - a +2 mace of flaming
 R - a +4 mace of flaming
 T - a +2 quarterstaff of flaming
Missiles
 d - 13 sling bullets
 e - 282 stones (quivered)
 H - 7 boomerangs
 N - a throwing net
 O - 21 poisoned darts
Armour
 c - a +1 leather armour (worn)
 h - a +0 helmet (worn)
 m - a +1 cloak (worn)
 M - a +1 hat
 Q - a +1 robe of fire resistance
 U - a +0 pair of boots
Jewellery
 C - a ring of resist corrosion (left hand)
 I - a ring of fire (right hand)
Wands
 o - a wand of scattershot (4)
 y - a wand of clouds (6)
 A - a wand of paralysis (7)
 G - a wand of iceblast (19)
 K - a wand of random effects (22)
Scrolls
 i - 9 scrolls of teleportation
 l - 2 scrolls of enchant weapon
 p - 7 scrolls of remove curse
 q - 2 scrolls of magic mapping
 s - 4 scrolls of enchant armour
 w - 5 scrolls of amnesia
 J - 3 scrolls of fear
 V - a scroll of identify
Potions
 b - a potion of agility
 j - a potion of ambrosia
 n - 3 potions of curing
 u - 2 potions of might
 v - 2 potions of lignification
 x - 2 potions of heal wounds
 z - 4 potions of brilliance
 E - a potion of flight
 L - a potion of invisibility
 S - a potion of resistance
Comestibles
 f - 18 rations


   Skills:
 + Level 11.7 Fighting
 + Level 4.8 Maces & Flails
 + Level 18.9 Slings
 + Level 4.8 Armour
 + Level 6.5 Dodging
 + Level 5.0 Stealth
 + Level 0.4 Evocations


You had 12 spell levels left.
You didn't know any spells.
Your spell library contained the following spells:

 Spells                   Type           Power        Failure   Level  Hunger
 Animate Skeleton         Necr           N/A          47%         1    ##.....
 Apportation              Tloc           #.....       47%         1    ##.....
 Confusing Touch          Hex            #.....       47%         1    ##.....
 Summon Small Mammal      Summ           #...         47%         1    ##.....
 Cause Fear               Hex            #.........   99%         4    #####..
 Silence                  Hex/Air        #.........   100%        5    ######.
 Yara's Violent Unravell  Hex/Tmut       #.........   100%        5    ######.
 Deflect Missiles         Chrm/Air       #.........   100%        6    #######
 Discord                  Hex            #.........   100%        8    #######


Dungeon Overview and Level Annotations

Branches:
Dungeon (9/15)             Temple (1/1) D:6            Lair (3/6) D:9
Ossuary (visited)         Volcano (visited)
  Swamp: Lair:2-4    Shoals: Lair:2-4     Snake: Lair:2-4    Spider: Lair:2-4
    Orc: D:9-12

Altars:
Ashenzari
Cheibriados
Dithmenos
Elyvilon
Fedhas
Gozag
Hepliaklqana
Kikubaaqudgha
Makhleb
Nemelex Xobeh
Okawaru
Qazlal
Ru
Sif Muna
Trog
Uskayaw
Vehumet
Wu Jian
Xom
Yredelemnul
Zin
The Shining One

Shops:
D:5 [

Annotations:
D:5 shop
D:6 3 runed translucent doors, terminal's ghost, novice CeHu
Temple Shrines
Lair:2 Fire Lair


Innate Abilities, Weirdness & Mutations

You are small and have problems with some larger weapons.
You are somewhat resistant to further mutation.
You are dopey. (Int -2)


Message History

You are slowing down.
The catoblepas gores you but does no damage.
You hit the catoblepas. You drain the catoblepas.
The catoblepas is severely wounded.
You are engulfed in calcifying dust.
Your limbs have turned to stone.
The catoblepas gores you. The catoblepas gores you!
You have turned to stone.
You are engulfed in calcifying dust.
The catoblepas gores you!
You are engulfed in calcifying dust.
The catoblepas gores you but does no damage.
You are engulfed in calcifying dust.
The catoblepas gores you!!
* * * LOW HITPOINT WARNING * * *
You are engulfed in calcifying dust.
The catoblepas gores you!
* * * LOW HITPOINT WARNING * * *
The catoblepas breathes a plume of calcifying dust at you.
The blast of calcifying dust hits you!
* * * LOW HITPOINT WARNING * * *
You are engulfed in calcifying dust.
The catoblepas gores you!
* * * LOW HITPOINT WARNING * * *
You are engulfed in calcifying dust.
The catoblepas gores you!!
You die...

##...#######.#.#.P........
#P...# ##..##..#........
##...# #.#. ##......(###
##.## ##.###........##
#.### #.........#..(#
#.#.## ##..........#.##
#..#.###.#..........<#
#.#...Y....(......)..#
#..#.§§#@#..P........##
#..##(.###........[.##
#..##(## #...#.#....#
#..)(.. ##..#....#.##
##.#(..# ##..........#
#..(..###........#.##
##P###^^^.........##### ##
.^.##......P...P# ^.
#..........†..


You could see a catoblepas.

Vanquished Creatures
  Gastronok (Lair:1)
  A hydra (Lair:2)
  Harold (Lair:1)
  Erica (D:8)
  A dancing weapon (Volcano)
  5 wizards (Volcano)
  Pikel (D:5)
  2 oklob plants (Lair:1)
  An elephant (D:9)
  5 toenail golems (Volcano)
  5 spiny frogs
  2 komodo dragons
  9 blink frogs
  5 hippogriffs
  10 yaks
  3 hogs (D:7)
  A human (D:7)
  A basilisk (Lair:2)
  5 water moccasins
  4 porcupines
  3 orc warriors
  4 ice beasts
  3 sky beasts
  A phantom (D:6)
  5 ogres
  A black bear (D:6)
  2 centaurs (D:8)
  3 wolves (Lair:1)
  8 crocodiles
  2 big kobolds
  8 bullfrogs
  2 scorpions (D:7)
  6 killer bees (D:7)
  4 howler monkeys
  6 electric eels
  3 crimson imps
  A quasit (D:6)
  2 orc priests
  9 hounds
  2 jellies (D:8)
  8 orc wizards
  Crazy Yiuf (D:4)
  5 iguanas
  9 worker ants
  A killer bee zombie (D:7)
  A big kobold zombie (Ossuary)
  2 hound zombies
  A hound skeleton (D:4)
  8 mummies (Ossuary)
  2 worker ant zombies (D:9)
  9 adders
  3 gnolls (D:7)
  A shadow imp (D:6)
  An ooze (D:6)
  An adder zombie (D:5)
  3 adder skeletons
  A worm (D:2)
  A dart slug (D:2)
  4 leopard geckos
  28 orcs
  5 giant cockroaches
  3 gnoll zombies (Ossuary)
  4 goblins
  6 hobgoblins
  10 jackals
  15 kobolds
  5 quokkas
  3 ball pythons
  7 bats
  7 frilled lizards
  A kobold zombie (Ossuary)
  3 orc zombies (Ossuary)
  7 rats
  A butterfly (Lair:1)
  2 fungi
  4 plants
312 creatures vanquished.

Vanquished Creatures (others)
  A centaur (D:5)
  A giant cockroach (D:5)
  A plant (Lair:1)
3 creatures vanquished.

Grand Total: 315 creatures vanquished

Notes
Turn   | Place    | Note
-------+----------+-------------------------------------------
     0 | D:1      | LraC the Halfling Hunter began the quest for the Orb.
     0 | D:1      | Reached XP level 1. HP: 14/14 MP: 1/1
    97 | D:1      | Reached skill level 6 in Slings
   160 | D:1      | Reached XP level 2. HP: 19/19 MP: 2/2
   708 | D:2      | Reached XP level 3. HP: 23/24 MP: 3/3
  1259 | D:2      | Reached skill level 7 in Slings
  1364 | D:3      | Reached XP level 4. HP: 29/29 MP: 4/4
  1396 | D:3      | Reached XP level 5. HP: 20/34 MP: 5/5
  1448 | D:3      | Found a blossoming altar of Fedhas.
  1449 | D:3      | Found a shattered altar of Ashenzari.
  1450 | D:3      | Found a shimmering altar of Xom.
  1649 | D:3      | Reached skill level 8 in Slings
  1770 | D:3      | Found a bloodstained altar of Trog.
  1775 | D:3      | Became a worshipper of Trog the Wrathful
  1809 | D:4      | Reached skill level 1 in Armour
  1877 | D:4      | Reached XP level 6. HP: 41/41 MP: 6/6
  1882 | D:4      | Reached skill level 9 in Slings
  2206 | D:4      | Reached XP level 7. HP: 41/45 MP: 7/7
  2216 | D:4      | Reached * piety under Trog
  2229 | D:4      | Reached skill level 10 in Slings
  2457 | D:4      | Found a runed translucent door.
  2458 | D:4      | Noticed Crazy Yiuf
  2474 | D:4      | Killed Crazy Yiuf
  2581 | D:5      | Entered Level 5 of the Dungeon
  2720 | D:5      | Got an encrusted hunting sling
  2721 | D:5      | Identified the +8 hunting sling of the Real Monster {speed,
                  | rF++} (You found it on level 5 of the Dungeon)
  2739 | D:5      | Found Kuicho's Antique Armour Shoppe.
  2747 | D:5      | Reached skill level 1 in Maces & Flails
  2774 | D:5      | You fall into a shaft and drop 2 floors!
  2786 | D:7      | Reached XP level 8. HP: 33/54 MP: 8/8
  2861 | D:7      | Reached ** piety under Trog
  2973 | D:6      | Reached skill level 11 in Slings
  2991 | D:6      | Found a sand-covered staircase.
  3035 | Ossuary  | Entered an ossuary
  3485 | D:6      | Found a runed translucent gate.
  3486 | D:6      | Found a runed translucent gate.
  3486 | D:6      | Found a runed translucent gate.
  3487 | D:6      | Noticed terminal's ghost (novice CeHu)
  3535 | D:6      | Found a staircase to the Ecumenical Temple.
  3546 | Temple   | Entered the Ecumenical Temple
  3696 | D:6      | Reached skill level 12 in Slings
  3704 | D:6      | Reached XP level 9. HP: 59/59 MP: 9/9
  4397 | D:5      | Reached skill level 13 in Slings
  4449 | D:5      | Noticed Pikel
  4462 | D:5      | Killed Pikel
  4462 | D:5      | Reached *** piety under Trog
  4462 | D:5      | Reached skill level 5 in Fighting
  4800 | D:7      | Reached skill level 14 in Slings
  4812 | D:7      | Reached XP level 10. HP: 68/68 MP: 10/10
  5330 | D:7      | Found a hide-covered altar of Uskayaw.
  5332 | D:7      | Found a glowing golden altar of the Shining One.
  5335 | D:7      | Gained mutation: You are dopey. (Int -2) [potion of
                  | mutation]
  5431 | D:7      | Reached skill level 15 in Slings
  5433 | D:7      | Received a gift from Trog
  5581 | D:8      | Found a stormy altar of Qazlal.
  5584 | D:8      | Noticed Erica
  5597 | D:8      | Killed Erica
  5875 | D:8      | Reached **** piety under Trog
  6268 | D:9      | Received a gift from Trog
  6352 | D:9      | Reached XP level 11. HP: 77/77 MP: 11/11
  6357 | D:9      | Noticed an elephant
  6365 | D:9      | Killed an elephant
  6365 | D:9      | Reached skill level 5 in Dodging
  6388 | D:9      | Found a staircase to the Lair.
  6496 | Lair:1   | Entered Level 1 of the Lair of Beasts
  6803 | D:9      | Reached skill level 16 in Slings
  7168 | Lair:1   | Received a gift from Trog
  7172 | Lair:1   | Noticed Harold
  7185 | Lair:1   | Killed Harold
  7187 | Lair:1   | Noticed Gastronok
  7204 | Lair:1   | Killed Gastronok
  7345 | Lair:1   | Reached skill level 17 in Slings
  7449 | Lair:1   | Reached XP level 12. HP: 87/87 MP: 12/12
  7529 | Lair:1   | Reached skill level 10 in Fighting
  7897 | Lair:1   | Reached skill level 18 in Slings
  8406 | Lair:2   | Found a dark tunnel.
  8413 | Volcano  | Entered a volcano
  8446 | Volcano  | Noticed a wizard
  8453 | Volcano  | Paralysed by a wizard for 3 turns
  8458 | Volcano  | Killed a wizard
  8500 | Volcano  | Noticed a +4 mace of flaming
  8522 | Volcano  | Killed a +4 mace of flaming
  8586 | Volcano  | Noticed a wizard
  8586 | Volcano  | Noticed a wizard
  8614 | Volcano  | Killed a wizard
  8614 | Volcano  | Received a gift from Trog
  8625 | Volcano  | Killed a wizard
  8784 | Volcano  | Reached XP level 13. HP: 26/95 MP: 13/13
  9088 | Lair:2   | Noticed an eight-headed hydra
  9095 | Lair:2   | Killed an eight-headed hydra
  9150 | Lair:2   | Found a shattered altar of Ashenzari.
  9524 | Lair:3   | Reached skill level 5 in Stealth
  9893 | Lair:3   | Noticed a catoblepas
  9926 | Lair:3   | Slain by a catoblepas

Levels and vault maps discovered:
D:1:      ebering_trefoil_twist, layout_basic
D:2:      layout_loops_ring, first_ration
D:3:      layout_rooms, chequers_temple_overflow_statue_of_worship,
          marbit_many_paths
D:4:      layout_basic, grunt_ministairs_1, uniq_crazy_yiuf_cottage
D:5:      layout_rooms, serial_shops,
          nicolae_shop_temple_entry_statues_fountains, hex_intersection,
          minmay_large_rounded_square, uniq_pikel
D:6:      layout_loops_corners, temple_green, gammafunk_ghost_icy,
          nicolae_ossuary_entry_monument, fountainhead
D:7:      layout_basic, minitemple, grunt_livestock, minivault_26
D:8:      layout_loops_cross, grunt_qazlal_clouds, uniq_erica
D:9:      layout_loops_ring, david_lair_generic, serial_bayou_lake_a
Temple:   regret_index_temple_sphere_string
Lair:1:   layout_gridlike, st_stairs_3, minivault_27, beast_lair_carwin_2,
          grunt_megastairs_4, minmay_lair_oklob_chamber, lemuel_fruit_fields,
          serial_bayou_shore_b, uniq_gastronok, uniq_harold
Lair:2:   layout_hall_layers, basic_altar, portal_ice_cave_entry_pillars_1,
          nicolae_volcano_entry_hallway
Lair:3:   layout_loops_ring, spider_nest_entry_funnel_web

Skill      XL: |  1  2  3  4  5  6  7  8  9 10 11 12 13 |
---------------+----------------------------------------+-----
Slings         | 6 7 8 9 10 12 14 15 17 18 | 18.9
Fighting       | 2 3 4 5 8 9 11 | 11.7
Armour         | 1 2 3 4 |  4.8
Maces & Flails | 1 2 3 4 |  4.8
Dodging        | 3 4 5 6 |  6.5
Stealth        | 2 3 4 5 |  5.0
Evocations     | |  0.4

Action                   |  1- 3 |  4- 6 |  7- 9 | 10-12 | 13-15 || total
-------------------------+-------+-------+-------+-------+-------++-------
Melee: Mace              |       |       |    72 |   132 |    23 ||   227
 Fire: Hunting sling     |    80 |   145 |   268 |   552 |   113 ||  1158
Invok: Berserk           |       |       |     1 |       |       ||     1
       Trog's Hand       |       |       |       |     1 |       ||     1
Evoke: Wand              |       |       |       |     3 |       ||     3
  Use: Scroll            |     6 |     1 |     6 |     1 |     1 ||    15
       Potion            |     4 |     1 |    12 |     2 |     1 ||    20
 Stab: Distracted        |       |       |       |       |     1 ||     1
  Eat: Ration            |     1 |       |     3 |     3 |     1 ||     8
Armor: Leather armour    |     3 |     5 |    24 |    19 |     8 ||    59
       Skin              |       |       |    16 |       |       ||    16
Dodge: Dodged            |    12 |    18 |    86 |    81 |    26 ||   223
